Map: Orbital Shipyard

Players

Nerchio

  • Race: Zerg Zerg
  • League: Grandmaster

Senin - Winner!

  • Race: Zerg Zerg
  • League: Grandmaster

VOD

Have the link to the VOD?

Description

Time

  • Played on: Dec. 14, 2015, 3:56 p.m.
  • Length: 7:05
Show
View Real Time Build Order
Export as new Build Order

Nerchio Zerg 

Build Orders: Hatch First 

Get SALT Encoding   

  12  0:01  Drone  
  13  0:12  Overlord  
  13  0:17  Drone  
  14  0:30  Drone x2  
  14  0:34  Drone  
  17  0:52  Hatchery  
  17  0:54  Drone  
  17  0:58  Drone  
  17  1:01  Extractor  
  17  1:14  Spawning Pool  
  17  1:18  Drone  
  17  1:20  Drone  
  18  1:27  Drone  
  19  1:38  Overlord  
  19  2:00  Queen  
  21  2:03  Baneling Nest  
  21  2:04  Queen  
  21  2:05  Zergling x2  
  21  2:08  Zergling x2  
  24  2:16  Zergling x2  
  24  2:17  Zergling x2  
  19  2:43  Zergling x4  
  19  2:54  Drone x2  
  19  2:57  Drone  
  22  3:00  Drone  
  22  3:04  Drone  
  24  3:08  Drone  
  24  3:11  Drone  
  26  3:15  Drone  
  27  3:20  Drone  
  27  3:21  Drone  
  27  3:24  Drone  
  30  3:27  Drone  
  30  3:31  Drone  
  30  3:34  Drone  
  33  3:37  Drone  
  34  3:42  Drone  
  34  3:47  Overlord  
  35  3:51  Overlord  
  35  3:52  Overlord  
  35  4:02  Drone  
  36  4:05  Drone x5  
  41  4:10  Queen  
  43  4:18  Zergling x2  
  43  4:19  Zergling x2  
  45  4:24  Baneling  
  45  4:25  Queen  
  47  4:34  Zergling x2  
  47  4:35  Roach Warren, Extractor  
  46  4:39  Drone x3  
  46  4:41  Drone  
  46  4:43  Drone  
  46  4:44  Drone  
  52  4:48  Overlord  
  52  4:59  Hatchery  
  51  5:04  Overlord  
  51  5:06  Overlord  
  51  5:13  Drone x3  
  51  5:14  Evolution Chamber  
  53  5:15  Drone  
  53  5:17  Drone  
  53  5:18  Drone  
  53  5:21  Drone  
  56  5:22  Drone  
  56  5:23  Drone x2  
  56  5:24  Drone  
  56  5:26  Extractor  
  56  5:27  Drone  
  60  5:35  Lair  
  60  5:36  Drone x2  
  60  5:37  Drone  
  63  5:44  Drone x2  
  63  5:45  Extractor  
  63  5:46  Drone  
  65  5:51  Roach  
  65  5:52  Roach  
  65  5:54  Roach  
  65  5:56  Roach  
  73  5:59  Overlord  
  73  6:02  Overlord  
  73  6:06  Roach  
  73  6:09  Overlord  
  73  6:11  Overlord  
  75  6:17  Overlord  
  75  6:22  Ravager x4  
  79  6:26  Drone  
  79  6:27  Drone x7  
  79  6:28  Extractor  
  86  6:34  Roach x2  
  86  6:36  Roach  
  86  6:38  Roach  
  94  6:40  Roach  
  94  6:42  Roach  
Show
View Real Time Build Order
Export as new Build Order

Senin Zerg - Winner!

Build Orders: Pool First 

Get SALT Encoding   

  12  0:01  Drone  
  13  0:21  Spawning Pool  
  13  0:25  Drone  
  13  0:34  Overlord  
  13  0:40  Drone  
  14  0:52  Drone  
  15  1:08  Zergling x4  
  15  1:10  Zergling x2  
  18  1:19  Zergling x2  
  18  1:20  Hatchery  
  18  1:31  Zergling x2  
  19  1:34  Queen  
  21  1:42  Zergling x2  
  22  1:51  Overlord  
  22  2:10  Queen  
  25  2:15  Drone x2  
  26  2:23  Drone  
  27  2:32  Drone  
  25  2:37  Drone  
  25  2:39  Queen  
  29  2:44  Drone x2  
  29  2:45  Queen  
  32  2:52  Spine Crawler  
  32  2:53  Extractor  
  32  2:55  Drone  
  32  2:56  Drone  
  32  3:00  Drone  
  32  3:02  Drone  
  34  3:06  Drone  
  34  3:09  Drone  
  36  3:19  Overlord  
  36  3:20  Overlord  
  36  3:38  Drone  
  36  3:39  Drone x6  
  43  3:47  Drone x3  
  46  3:53  Drone x2  
  48  3:55  Lair  
  48  3:59  Extractor  
  48  4:00  Evolution Chamber  
  48  4:02  Drone  
  47  4:03  Drone  
  48  4:11  Drone x2  
  48  4:12  Drone, Extractor  
  48  4:17  Overlord  
  50  4:27  Hatchery  
  50  4:28  Zerg Missile Weapons Level 1  
  49  4:34  Roach Warren  
  49  4:36  Drone  
  49  4:37  Drone  
  50  4:41  Drone x2  
  50  4:44  Overlord  
  52  4:56  Overlord x3  
  52  5:09  Drone x6  
  52  5:14  Glial Reconstitution  
  58  5:15  Roach  
  58  5:20  Roach  
  62  5:26  Roach x4  
  70  5:28  Roach  
  70  5:30  Roach  
  70  5:34  Roach  
  76  5:36  Roach  
  76  5:42  Roach x2  
  82  5:46  Roach  
  84  5:50  Overlord x2  
  84  5:55  Roach x3  
  90  5:59  Roach x2  
  94  6:06  Roach  
  94  6:07  Roach  
  98  6:13  Roach x4  
  98  6:14  Roach  
  98  6:16  Drone x2  
  110  6:20  Drone x2  
  109  6:31  Overlord x2  
  109  6:33  Drone x3  
  109  6:38  Drone x2  
  114  6:41  Extractor  
Tags
 
Add a new tag
Caveats
  • Supply blocks, unpowered buildings, or Contaminate may cause inaccurate times.
  • Supply counts are checked every 10 seconds.